 Dungeon Crawl Stone Soup version 0.27.1-34-g3ba077fa99 (webtiles) character file.

Game seed: 6854097484228381934

2088 cbfl8 the Skirmisher (level 9, 0/78 HPs)
             Began as a Minotaur Delver on Jan 23, 2022.
             Was an Initiate of Yredelemnul.
             Slain by a sky beast (1 damage)
             ... on level 6 of the Dungeon.
             The game lasted 00:16:45 (8808 turns).

cbfl8 the Skirmisher (Minotaur Delver)              Turns: 8808, Time: 00:16:46

Health: 0/78       AC:  3    Str: 19    XL:     9   Next: 6%
Magic:  8/8        EV: 17    Int:  9    God:    Yredelemnul [......]
Gold:   65         SH:  0    Dex: 11    Spells: 8/8 levels left

rFire    . . .     SeeInvis .   P - +2 battleaxe (elec)
rCold    . . .     Faith    .   (shield currently unavailable)
rNeg     . . .     Spirit   .   b - +0 leather armour
rPois    .         Reflect  .   (helmet restricted)
rElec    .         Harm     .   (no cloak)
rCorr    .         Rampage  .   (no gloves)
Will     +....                  (no boots)
Stlth    +++.......             (no amulet)
HPRegen  0.23/turn              L - +4 ring of evasion
MPRegen  0.11/turn              z - ring of willpower

@: brilliant, attractive
A: horns 2, retaliatory headbutt
a: Renounce Religion


You were on level 6 of the Dungeon.
You worshipped Yredelemnul.
Yredelemnul was noncommittal.
You visited 2 branches of the dungeon, and saw 7 of its levels.

You collected 431 gold pieces.
You spent 366 gold pieces at shops.

Inventory:

Hand Weapons
 a - a +0 hand axe
 o - a +0 hunting sling
 t - a +0 dagger of draining
 w - a +0 dagger of speed
 J - a +1 morningstar of protection
 P - a +2 battleaxe of electrocution (weapon)
Missiles
 i - 52 bolts
 p - 131 stones (quivered)
 x - 69 poisoned darts
 y - 70 sling bullets
 B - 4 large rocks
 D - 8 silver javelins
Armour
 b - a +0 leather armour (worn)
 K - a +2 leather armour of willpower
Jewellery
 e - a ring of resist corrosion
 k - a ring of see invisible
 z - a ring of willpower (right hand)
 H - a ring of positive energy
 L - a +4 ring of evasion (left hand)
 M - a ring of magical power
Wands
 g - a wand of digging (4)
 N - a wand of charming (7)
Scrolls
 c - 4 scrolls of fog
 d - 2 scrolls of magic mapping
 h - a scroll of holy word {unknown}
 l - a scroll of identify {unknown}
 m - a scroll of brand weapon {unknown}
 n - 2 scrolls of teleportation {unknown}
 q - 2 scrolls of summoning {unknown}
 I - a scroll of enchant armour {unknown}
 O - a scroll of vulnerability {unknown}
Potions
 f - 4 potions of haste
 j - a potion of curing {unknown}
 r - a potion of flight {unknown}
 s - 2 potions of brilliance
 v - 2 potions of lignification {unknown}
 A - a potion of might {unknown}
 C - a potion of attraction
 E - a potion of degeneration {unknown}
 F - 2 potions of mutation {unknown}
 G - 2 potions of ambrosia {unknown}


   Skills:
 + Level 6.5 Fighting
 + Level 5.2 Short Blades
 + Level 3.8(5.5) Axes
 + Level 6.1(6.6) Maces & Flails
 + Level 5.4 Armour
 + Level 5.4 Dodging
 + Level 5.6 Stealth


You had 8 spell levels left.
You didn't know any spells.
Your spell library contained the following spells:

 Spells                   Type           Power      Damage    Failure   Level
 Static Discharge         Conj/Air       0%         N/A       56%         2
 Animate Dead             Necr           0%         N/A       99%         4
 Dispel Undead            Necr           0%         3d6       99%         4
 Sticky Flame             Conj/Fire      0%         2d3       99%         4
 Haunt                    Necr/Summ      0%         N/A       100%        7
 Infestation              Necr           0%         N/A       100%        8


Dungeon Overview and Level Annotations

Branches:
Dungeon (6/15)             Temple (1/1) D:4

Altars:
Ashenzari
Cheibriados
Dithmenos
Elyvilon
Fedhas
Gozag
Hepliaklqana
Kikubaaqudgha
Makhleb
Okawaru
Qazlal
Ru
Sif Muna
Vehumet
Wu Jian
Yredelemnul
Zin

Shops:
D:6 (


Innate Abilities, Weirdness & Mutations

You have a pair of horns on your head.
You reflexively headbutt those who attack you in melee.


Message History

You slash something! You headbutt something. Something completely misses you.
You miss something. You headbutt something. Something barely misses you.
Something closely misses you.
You hit something. Your headbutt misses something.
A sky beast appears from thin air!
Reactivating autopickup.
The sky beast barely misses you. You furiously retaliate!
You headbutt the sky beast, but do no damage.
You closely miss the sky beast. Your headbutt misses the sky beast.
The sky beast is heavily wounded.
The sky beast flickers out of sight!
Deactivating autopickup; reactivate with Ctrl-A.
Something hits you but does no damage. Something hits you.
Something shocks you.
* * * LOW HITPOINT WARNING * * *
You miss something. Something hits you.
* * * LOW HITPOINT WARNING * * *
Something shocks you.
* * * LOW HITPOINT WARNING * * *
You closely miss something. Something barely misses you. Something hits you.
* * * LOW HITPOINT WARNING * * *
Something shocks you.
* * * LOW HITPOINT WARNING * * *
Okay, then.
Unknown command.
It was a potion of attraction.
You feel attractive to monsters.
A sky beast appears from thin air!
Reactivating autopickup.
The sky beast hits you but does no damage.
It was a potion of magic.
Magic courses through your body. The sky beast hits you.
* * * LOW HITPOINT WARNING * * *
The sky beast shocks you.
* * * LOW HITPOINT WARNING * * *
It was a potion of brilliance.
You feel clever all of a sudden. The sky beast hits you.
You die...
Your body rises from the dead as a mindless zombie.

..<.#.##.#.#.#.#.#.#.# #
#......
#.###.#.#.#.#.#.#.#..##.#
#.#.... #.
..##.#.#.#.#.#.#...
#...... ##
#####.#.#.#.#.#..#
#...... #.#.#.#.#.#.#.#
#..#### ##.#.#.#.#.#.#
#..#... #.#.#.#.#.#.#
##.#... #.....####.##
#.#... ..... #.)@.#
#.^... ......^.≈Y^..#
#.#...
.............#######.#...
...^................#...
.......^......#####.####
...^.^.^.^....# #.....
.......^..^...# ###...
.......^......# ###. #.


You could see a sky beast.

Vanquished Creatures
  Sigmund (D:4)
  Duvessa (D:5)
  2 ice beasts (D:6)
  A sky beast (D:5)
  6 ogres
  3 phantoms
  A wyvern skeleton (D:6)
  Dowan (D:5)
  A water moccasin skeleton (D:6)
  A howler monkey (D:5)
  2 centaur zombies
  A jelly (D:6)
  A centaur skeleton (D:4)
  2 gnoll shamans (D:6)
  An orc priest (D:5)
  A bullfrog skeleton (D:5)
  A hound (D:5)
  Terence (D:2)
  Jessica (D:2)
  An iguana (D:5)
  An orc wizard (D:3)
  Natasha (thrice) (D:2)
  A hound skeleton (D:4)
  3 gnolls (D:6)
  2 adders (D:2)
  A white imp (D:5)
  3 worms
  A dart slug (D:3)
  23 orcs
  10 ball pythons
  2 bats (D:1)
  7 endoplasms
  3 giant cockroaches
  7 goblins
  7 hobgoblins
  8 jackals
  4 quokkas
  4 frilled lizards
  7 kobolds
  4 rats
131 creatures vanquished.

Notes
Turn   | Place    | Note
-------+----------+-------------------------------------------
     0 | D:5      | cbfl8 the Minotaur Delver began the quest for the Orb.
     0 | D:5      | Reached XP level 1. HP: 19/19 MP: 0/0
    11 | D:4      | Found a staircase to the Ecumenical Temple.
    20 | Temple   | Entered the Ecumenical Temple
   650 | D:3      | Reached XP level 2. HP: 17/27 MP: 1/1
   835 | D:3      | Found a broken altar of Ashenzari.
   966 | D:2      | Reached skill level 1 in Armour
   971 | D:2      | Noticed Natasha
   982 | D:2      | Killed Natasha
   983 | D:2      | Reached XP level 3. HP: 20/33 MP: 2/2
  1013 | D:2      | Noticed Natasha
  1452 | D:1      | Reached XP level 4. HP: 40/40 MP: 3/3
  2229 | D:2      | Killed Natasha
  2454 | D:2      | Noticed Terence
  2463 | D:2      | Killed Terence
  2464 | D:2      | Reached XP level 5. HP: 35/46 MP: 4/4
  2539 | D:2      | Noticed an ogre
  2539 | D:2      | Noticed Jessica
  2543 | D:2      | Killed Jessica
  2544 | D:2      | Reached skill level 1 in Short Blades
  2547 | D:2      | Killed an ogre
  2738 | D:2      | Noticed Natasha
  2756 | D:2      | Killed Natasha
  2757 | D:2      | Reached XP level 6. HP: 9/53 MP: 5/5
  3415 | D:3      | Found a burning altar of Makhleb.
  3415 | D:3      | Noticed a blizzard demon
  3419 | D:3      | Noticed a smoke demon
  3419 | D:3      | Noticed a neqoxec
  3457 | D:3      | Found an ornate altar of the Wu Jian Council.
  3484 | D:3      | Reached skill level 5 in Stealth
  4027 | D:3      | Found a faded altar of an unknown god.
  4261 | D:4      | Noticed Sigmund
  4283 | D:4      | Killed Sigmund
  4284 | D:4      | Reached XP level 7. HP: 17/60 MP: 6/6
  4757 | D:4      | Reached skill level 5 in Fighting
  6180 | D:5      | Reached XP level 8. HP: 47/69 MP: 7/7
  6185 | D:5      | Reached skill level 5 in Armour
  6290 | D:5      | Noticed Dowan
  6299 | D:5      | Noticed Duvessa
  6305 | D:5      | Found a white marble altar of Elyvilon.
  6341 | D:5      | Reached skill level 1 in Maces & Flails
  6431 | D:5      | Killed Dowan
  6432 | D:5      | Reached skill level 5 in Short Blades
  6434 | D:5      | Killed Duvessa
  6951 | D:5      | Reached skill level 5 in Dodging
  7523 | D:6      | Found Plog's Weapon Boutique.
  7594 | D:6      | Reached skill level 5 in Maces & Flails
  7790 | D:6      | Found a basalt altar of Yredelemnul.
  7854 | D:6      | Reached XP level 9. HP: 56/78 MP: 8/8
  7975 | D:6      | Found a blossoming altar of Fedhas.
  7975 | D:6      | Found a radiant altar of Vehumet.
  8131 | D:6      | Became a worshipper of Yredelemnul the Dark
  8208 | D:6      | Bought a +2 battleaxe of electrocution for 366 gold pieces
  8807 | D:6      | HP: 1/78 [sky beast (5)]
  8808 | D:6      | Slain by a sky beast

Illustrated notes

Levels and vault maps discovered:
D:1:      dpeg_arrival_shrine, layout_loops_ring, minivault_23
D:2:      minmay_chambers_of_ones, layout_rooms, minmay_misc_feat_columns,
          uniq_natasha, uniq_jessica, uniq_terence
D:3:      layout_loops_ring, amcnicky_altar_gilded, lemuel_round_altar,
          makhleb_altar_promises_db,
          dreamdust_ecumenical_altar_hidden_monk_grotto, minivault_23,
          minmay_randomly_rotated_circles
D:4:      layout_basic, minmay_temple_entry_gardened_gates, uniq_sigmund
D:5:      layout_loops_cross, mainiacjoe_overflow_chevrons, minmay_starry_boxes,
          uniq_duvessa
D:6:      layout_loops_corners, gammafunk_temple_overflow_elements,
          lemuel_tele_altar, nicolae_inconvenience_store, minmay_holes,
          hex_large, minivault_23, minmay_diced_spiral
Temple:   dpeg_chambers_temple

Skill      XL: |  1  2  3  4  5  6  7  8  9 |
---------------+----------------------------+-----
Armour         | 1 2 3 4 5 |  5.4
Axes           | 3 |  3.8
Fighting       | 4 5 6 |  6.5
Short Blades   | 1 2 4 5 |  5.2
Dodging        | 3 4 5 |  5.4
Stealth        | 5 |  5.6
Maces & Flails | 5 6 |  6.1

Action                   |  1- 3 |  4- 6 |  7- 9 || total
-------------------------+-------+-------+-------++-------
Melee: Hand axe          |    52 |       |       ||    52
       Headbutt          |     9 |    29 |    42 ||    80
       Dagger            |     8 |   164 |    85 ||   257
       Morningstar       |       |       |    75 ||    75
       Battleaxe         |       |       |    17 ||    17
Evoke: Wand              |       |       |     1 ||     1
  Use: Scroll            |       |     1 |       ||     1
       Potion            |       |       |     3 ||     3
 Stab: Sleeping          |       |     5 |     4 ||     9
Armor: Leather armour    |    15 |    29 |    49 ||    93
Dodge: Dodged            |    51 |    61 |   147 ||   259
